 Dungeon Crawl Stone Soup version 0.21.1-1-g345015fe64 (webtiles) character file.

107 NullDivider the Charlatan (level 4, -2/23 HPs)
             Began as a Spriggan Artificer on Apr 5, 2018.
             Was an Initiate of Gozag.
             Slain by an adder (4 damage)
             ... on level 4 of the Dungeon.
             The game lasted 00:12:23 (3344 turns).

NullDivider the Charlatan (Spriggan Artificer)      Turns: 3344, Time: 00:12:24

Health: -2/23      AC:  2    Str:  8    XL:     4   Next: 57%
Magic:  8/8        EV: 19    Int: 16    God:    Gozag
Gold:   128        SH:  0    Dex: 17    Spells: 3/3 levels left

rFire    . . .     SeeInvis +   a - +0 short sword
rCold    . . .     Gourm    .   (shield restricted)
rNeg     . . .     Faith    .   b - +0 robe
rPois    .         Spirit   .   (helmet restricted)
rElec    .         Reflect  .   (no cloak)
rCorr    .         Harm     .   (gloves unavailable)
MR       .....                  (boots unavailable)
Stlth    ++........             (no amulet)
HPRegen  0.07/turn              r - +4 ring of intelligence
MPRegen  0.11/turn              (no ring)

@: lethally poisoned (-2 -> -8), gold aura, very quick
A: very small, unfitting armour, see invisible, herbivore, speed 3, slow
metabolism 2
a: Potion Petition, Call Merchant, Bribe Branch, Renounce Religion


You were on level 4 of the Dungeon.
You worshipped Gozag.
Gozag was aware of your devotion.
You were not hungry.

You visited 1 branch of the dungeon, and saw 4 of its levels.

You collected 154 gold pieces.
You paid 26 gold pieces to Gozag.

Inventory:

Hand Weapons
 a - a +0 short sword (weapon)
Missiles
 q - 37 stones (quivered)
 s - 17 sling bullets
Armour
 b - a +0 robe (worn)
 u - +0 pearl dragon scales
Jewellery
 r - a +4 ring of intelligence (left hand)
Wands
 c - a wand of flame (4)
 d - a wand of enslavement (15)
 e - a wand of random effects (15)
Scrolls
 g - a scroll of amnesia {unknown}
 h - 3 scrolls of identify {unknown}
 i - a scroll of teleportation {unknown}
 n - 2 scrolls of enchant armour {unknown}
 o - 2 scrolls of enchant weapon {unknown}
Potions
 j - 2 potions of lignification {unknown}
 k - 2 potions of curing {unknown}
 l - a potion of flight {unknown}
 m - a potion of degeneration {unknown}
 p - a potion of magic {unknown}
 t - a potion of ambrosia {unknown}
 v - 2 potions of experience {unknown}
Comestibles
 f - 10 rations


   Skills:
 * Level 2.1 Fighting
 + Level 2.1 Short Blades
 + Level 4.0 Dodging
 + Level 3.2 Stealth
 + Level 4.6 Evocations


You had 3 spell levels left.
You didn't know any spells.

Dungeon Overview and Level Annotations

Branches:
Dungeon (3/15)

Altars:
Dithmenos
Gozag
Hepliaklqana
Nemelex Xobeh
Okawaru

Annotations:
D:4 2 transporters


Innate Abilities, Weirdness & Mutations

You are very small and have problems with some larger weapons.
You are too small for most types of armour.
You have supernaturally acute eyesight. (SInv)
You are a herbivore.
You cover ground extremely quickly.
You need consume almost no food.


Message History

You are poisoned.
The adder poisons you!
You closely miss the adder.
The adder is almost dead.
You feel sick. The adder barely misses you. The adder misses you. x2
You closely miss the adder.
The adder is almost dead.
You feel sick. The adder bites you. The adder barely misses you.
You hit the adder.
The adder is almost dead.
The adder bites you. x2
* * * LOW HITPOINT WARNING * * *
The adder bites you.
* * * LOW HITPOINT WARNING * * *
You hit the adder.
You kill the adder!
Your Dodging skill increases to level 4!
The adder bites you.
You die...
Your body crumbles into a pile of gold.

............#
#...........#
#...........# $
#...........#
#...........#
#...........#
#....$......#
#.....@.....#
#.....S.[...#
#...........#
#.....=.....#
+...........####### ###
#.........(........ ..#
#...........#########.#
#......................
#.....###..#########...


You could see an adder.

Vanquished Creatures
  6 adders
  2 worms
  A dart slug (D:1)
  A leopard gecko (D:2)
  A ball python (D:1)
  5 giant cockroaches
  2 goblins (D:1)
  9 hobgoblins
  3 quokkas (D:2)
  7 bats
  3 frilled lizards
  2 kobolds (D:2)
  3 rats
45 creatures vanquished.

Vanquished Creatures (others)
  4 toadstools (D:1)
4 creatures vanquished.

Grand Total: 49 creatures vanquished

Notes
Turn   | Place    | Note
-------+----------+-------------------------------------------
     0 | D:1      | NullDivider the Spriggan Artificer began the quest for the Orb.
     0 | D:1      | Reached XP level 1. HP: 9/9 MP: 4/4
   113 | D:1      | Reached skill level 1 in Fighting
   228 | D:1      | Reached XP level 2. HP: 14/14 MP: 6/6
  1383 | D:2      | Reached XP level 3. HP: 7/18 MP: 7/7
  1919 | D:2      | Found an iron altar of Okawaru.
  2536 | D:2      | Found an opulent altar of Gozag.
  2537 | D:2      | Found a sparkling altar of Nemelex Xobeh.
  2542 | D:2      | Reached XP level 4. HP: 23/23 MP: 8/8
  2560 | D:2      | Became a worshipper of Gozag Ym Sagoz the Greedy
  3255 | D:3      | You fall through a shaft!
  3290 | D:4      | Found a transporter.
  3290 | D:4      | Noticed an orc warrior
  3292 | D:4      | Found a transporter.
  3304 | D:4      | Found a shadowy altar of Dithmenos.
  3305 | D:4      | Found a hazy altar of Hepliaklqana.
  3344 | D:4      | Slain by an adder

Skill      XL: |  1  2  3  4 |
---------------+-------------+-----
Fighting       | 1 2 |  2.1
Stealth        | 2 3 |  3.2
Short Blades   | 2 |  2.1
Dodging        | 4 |  4.0
Evocations     | |  4.6

Action                   |  1- 3 |  4- 6 || total
-------------------------+-------+-------++-------
Melee: Short sword       |   129 |    49 ||   178
Evoke: Wand              |     9 |     2 ||    11
 Stab: Sleeping          |     6 |     4 ||    10
Armor: Robe              |     8 |     2 ||    10
Dodge: Dodged            |   101 |    40 ||   141
